 Dungeon Crawl Stone Soup version 0.29.0-4-gdea44cf6ec (webtiles) character file.

Game seed: 3187184409622438447

10498 qw the Brawler (level 11, -3/105 HPs)
             Began as a Troll Cinder Acolyte on Sept 1, 2022.
             Was a Follower of Ignis.
             Slain by a naga
             ... wielding a +1 glaive of flaming
              (13 damage)
             ... on level 2 of the Lair of Beasts.
             The game lasted 00:04:28 (8613 turns).

qw the Brawler (Troll Cinder Acolyte)               Turns: 8613, Time: 00:04:29

Health: -3/105     AC: 17    Str: 34    XL:     11   Next: 37%
Magic:  11/11      EV:  9    Int: 10    God:    Ignis [*.....]
Gold:   547        SH:  0    Dex:  5    Spells: 12/12 levels left

rFire   + . .      SeeInvis .     - Unarmed
rCold   . . .      Faith    .   (no shield)
rNeg    . . .      Spirit   .   n - +0 acid dragon scales
rPois   +          Reflect  .   (helmet restricted)
rElec   .          Harm     .   k - +0 cloak
rCorr   +          Rampage  .   (gloves unavailable)
Will    .....                   (boots unavailable)
Stlth   ..........              m - amulet of the acrobat
HPRegen 1.07/turn               l - ring of poison resistance
MPRegen 0.12/turn               a - +6 ring of strength

@: lethally poisoned (-3 -> -3), fiery-armoured
A: large, unfitting armour, claws 3, regeneration 1, shaggy fur 1, tough skin 1
a: Renounce Religion, Fiery Armour, Foxfire Swarm, Rising Flame


You were on level 2 of the Lair of Beasts.
You worshipped Ignis.
Ignis was aware of your devotion.
You visited 2 branches of the dungeon, and saw 10 of its levels.

You collected 547 gold pieces.


Innate Abilities, Weirdness & Mutations

You are too large for most types of armour.
You have claws for hands.
Your natural rate of healing is unusually fast.
You are covered in fur. (AC +1)
You have tough skin. (AC +1)


   Skills:
 - Level 6.0 Fighting
 - Level 2.8 Throwing
 - Level 3.4 Armour
 - Level 1.1 Dodging
 + Level 15.7 Unarmed Combat
 - Level 1.0 Spellcasting
 - Level 2.1 Fire Magic


You had 12 spell levels left.
You didn't know any spells.
Your spell library contained the following spells:

 Spells                   Type           Power      Damage    Failure   Level
 Scorch                   Fire           8%         2d5       24%         2

Inventory:

Missiles
 f - 3 boomerangs (quivered)
Armour
 b - a +0 robe of fire resistance
 k - a +0 cloak (worn)
 n - +0 acid dragon scales (worn)
Jewellery
 a - a +6 ring of strength (right claw)
 l - a ring of poison resistance (left claw)
 m - an amulet of the acrobat (around neck)
 Y - a ring of protection from fire
Scrolls
 d - a scroll of torment {unknown}
 e - 5 scrolls of identify
 j - a scroll of enchant weapon
Potions
 c - 2 potions of curing
 h - a potion of haste
 i - 4 potions of mutation

Dungeon Overview and Level Annotations

Branches:
Dungeon (8/15)             Temple (0/1) D:5            Lair (2/5) D:8
  Swamp: Lair:2-3    Shoals: Lair:2-3     Snake: Lair:2-3    Spider: Lair:2-3

Altars:
Cheibriados
Elyvilon
Nemelex Xobeh
Okawaru
Qazlal


Message History

The splash of poison hits you but does no damage.
You are poisoned.
You resist. The naga constricts you.
The yak bellows!
You mangle the naga!!
You kill the naga!
You feel sick.
You hear a howl!
The naga spits poison at you.
The splash of poison hits you but does no damage.
You are more poisoned.
You resist.
You closely miss the black bear.
The black bear is heavily wounded.
You feel sick. The naga spits poison at you.
The splash of poison hits you but does no damage.
You resist.
The black bear bites you but does no damage.
The black bear is burned by your cloak of flames.
The black bear is heavily wounded.
The black bear claws you.
The black bear is burned by your cloak of flames.
The black bear is severely wounded.
The black bear claws you but does no damage.
The black bear is burned by your cloak of flames.
The black bear is almost dead.
You claw the black bear!
You kill the black bear!
You feel sick.
The naga hits you from afar with a +1 glaive of flaming.
The naga barely misses you. x2
You eviscerate the naga!!!
You kill the naga!
You feel sick. The naga spits poison at you.
The splash of poison hits you but does no damage.
You resist.
The naga hits you from afar with a +1 glaive of flaming!
You die...

....... ....... ... ..
.....?....#. ..##...
.........b.. ##...#..
#..# .......####......
#.####.......Y#.....#
....##.............#
..........PP......# . .
...............)@)#...#
##...........)...)N...#
#.#.PP.....#..#NP##...#
..................#
....
............$......#
#..
..................... #
......................
.......................
...............####....


You could see a yak and 2 nagas.

Vanquished Creatures
  A catoblepas (Lair:1)
  5 death yaks
  A cane toad (Lair:1)
  Maggie (D:8)
  2 komodo dragons (Lair:1)
  Sigmund (D:2)
  11 yaks (Lair:1)
  3 wyverns
  4 nagas (Lair:2)
  3 water moccasins
  2 orc warriors (D:7)
  3 sky beasts
  A black bear (Lair:2)
  2 ice beasts
  2 ogres
  8 wolves
  7 bullfrogs
  Blork the orc (D:5)
  A phantom (D:4)
  A kobold brigand (D:7)
  2 necrophages (D:6)
  3 scorpions (D:5)
  An electric eel (D:6)
  A howler monkey (D:6)
  2 jellies (D:6)
  2 orc priests (D:8)
  Crazy Yiuf (D:6)
  2 gnoll boudas
  Terence (D:3)
  2 iguanas
  3 orc wizards
  9 adders
  8 gnolls
  A river rat (D:5)
  A shadow imp (D:5)
  2 white imps
  2 worms (D:3)
  2 dart slugs
  21 orcs
  11 bats
  11 endoplasms
  6 giant cockroaches
  11 goblins
  12 hobgoblins
  3 jackals (D:2)
  2 quokkas
  10 ball pythons
  3 frilled lizards
  13 kobolds
  9 rats
217 creatures vanquished.

Vanquished Creatures (others)
  A fungus (Lair:1)
  2 plants
3 creatures vanquished.

Grand Total: 220 creatures vanquished

Notes
Turn   | Place    | Note
-------+----------+-------------------------------------------
     0 | D:1      | qw the Troll Cinder Acolyte began the quest for the Orb.
     0 | D:1      | Reached XP level 1. HP: 22/22 MP: 1/1
     0 | D:1      | 0 ||| qw: Version: 0.1-a-97-g2dd2ca4
     0 | D:1      | 0 ||| qw: Game counter: 4885
     0 | D:1      | 0 ||| qw: Always use a shield: true
     0 | D:1      | 0 ||| qw: God list: Okawaru
     0 | D:1      | 0 ||| qw: Allow faded altars: false
     0 | D:1      | 0 ||| qw: Do Orc after D:15 true
     0 | D:1      | 0 ||| qw: Do second Lair branch before Depths: true
     0 | D:1      | 0 ||| qw: Lair rune preference: random
     0 | D:1      | 0 ||| qw: Plans: Normal
     0 | D:1      | 0 ||| PLANNING D:1-11
    31 | D:1      | 31 ||| Stepping ~*~*~tactically~*~*~ (stealth).
    44 | D:1      | 44 ||| Stepping ~*~*~tactically~*~*~ (stealth).
    45 | D:1      | 45 ||| Stepping ~*~*~tactically~*~*~ (stealth).
    54 | D:1      | 54 ||| Stepping ~*~*~tactically~*~*~ (stealth).
    55 | D:1      | 55 ||| Stepping ~*~*~tactically~*~*~ (stealth).
    59 | D:1      | 59 ||| Stepping ~*~*~tactically~*~*~ (stealth).
    70 | D:1      | 70 ||| Stepping ~*~*~tactically~*~*~ (stealth).
   115 | D:1      | Reached XP level 2. HP: 26/29 MP: 2/2
   200 | D:1      | 200 ||| Stepping ~*~*~tactically~*~*~ (stealth).
   201 | D:1      | 201 ||| Stepping ~*~*~tactically~*~*~ (stealth).
   286 | D:1      | Reached skill level 4 in Unarmed Combat
   326 | D:1      | 326 ||| Stepping ~*~*~tactically~*~*~ (stealth).
   464 | D:1      | Reached XP level 3. HP: 33/36 MP: 3/3
   573 | D:1      | 573 ||| Stepping ~*~*~tactically~*~*~ (stealth).
   603 | D:1      | Found a faded altar of an unknown god.
   703 | D:1      | 703 ||| UPGRADING to +6 ring of strength.
   704 | D:1      | 704 ||| READING 3 scrolls labelled URAITH KISUOD.
   705 | D:1      | 705 ||| READING scroll labelled LOEGRE QIVIGHABB.
   709 | D:1      | 709 ||| READING 2 scrolls of identify.
   709 | D:1      | 709 ||| IDENTIFYING smoky sapphire potion
   892 | D:2      | 892 ||| Stepping ~*~*~tactically~*~*~ (hiding).
  1182 | D:2      | Noticed Sigmund
  1189 | D:2      | 1189 ||| INVOKING Fiery Armour.
  1194 | D:2      | Killed Sigmund
  1195 | D:2      | Reached skill level 6 in Unarmed Combat
  1195 | D:2      | Reached XP level 4. HP: 21/44 MP: 4/4
  1195 | D:2      | Reached XP level 5. HP: 24/50 MP: 5/5
  1257 | D:2      | 1257 ||| Stepping ~*~*~tactically~*~*~ (stealth).
  1735 | D:2      | 1735 ||| READING scroll labelled QUILYH BACZEACOU.
  1736 | D:2      | 1736 ||| READING 2 scrolls of identify.
  1736 | D:2      | 1736 ||| IDENTIFYING fizzy emerald potion
  1767 | D:3      | 1767 ||| Stepping ~*~*~tactically~*~*~ (outnumbered).
  1768 | D:3      | 1768 ||| STAIRDANCE
  1825 | D:3      | Found a stormy altar of Qazlal.
  1870 | D:3      | 1870 ||| Stepping ~*~*~tactically~*~*~ (outnumbered).
  1990 | D:3      | 1990 ||| Stepping ~*~*~tactically~*~*~ (stealth).
  1999 | D:3      | Noticed an ogre
  2007 | D:3      | 2007 ||| DRINKING 2 potions of curing.
  2007 | D:3      | 2007 ||| (to cure confusion)
  2012 | D:3      | Killed an ogre
  2013 | D:3      | Reached skill level 7 in Unarmed Combat
  2013 | D:3      | Reached XP level 6. HP: 32/59 MP: 6/6
  2015 | D:3      | 2015 ||| INVOKING Fiery Armour.
  2069 | D:3      | 2069 ||| Stepping ~*~*~tactically~*~*~ (stealth).
  2087 | D:3      | 2087 ||| Stepping ~*~*~tactically~*~*~ (stealth).
  2354 | D:3      | Found a white marble altar of Elyvilon.
  2474 | D:3      | Noticed Terence
  2483 | D:3      | Killed Terence
  2738 | D:3      | 2738 ||| UPGRADING to +0 robe of fire resistance.
  2748 | D:3      | 2748 ||| DROPPING +0 robe.
  2749 | D:3      | 2749 ||| DROPPING +6 ring of intelligence.
  2750 | D:3      | 2750 ||| READING scroll labelled FILIBL PITH.
  2751 | D:3      | 2751 ||| READING 2 scrolls of identify.
  2751 | D:3      | 2751 ||| IDENTIFYING glowing silvery potion
  3282 | D:4      | Found an iron altar of Okawaru.
  3343 | D:4      | Reached skill level 8 in Unarmed Combat
  3498 | D:4      | Reached XP level 7. HP: 57/66 MP: 7/7
  3614 | D:4      | 3614 ||| UPGRADING to amulet of the acrobat.
  3619 | D:4      | 3619 ||| UPGRADING to ring of protection from fire.
  3620 | D:4      | 3620 ||| READING scroll labelled NEESIH MULI.
  3621 | D:4      | 3621 ||| READING scroll labelled XAKHAIPTUTED.
  3622 | D:4      | 3622 ||| READING scroll labelled RUUTWO FARICS.
  3623 | D:4      | 3623 ||| DRINKING 2 murky pink potions.
  3662 | D:4      | 3662 ||| READING 5 scrolls of identify.
  3662 | D:4      | 3662 ||| IDENTIFYING murky sapphire potion
  3663 | D:4      | 3663 ||| READING 4 scrolls of identify.
  3663 | D:4      | 3663 ||| IDENTIFYING brown potion
  3664 | D:4      | 3664 ||| DROPPING potion of degeneration.
  3665 | D:4      | 3665 ||| DROPPING potion of lignification.
  3666 | D:4      | 3666 ||| DROPPING potion of attraction.
  3692 | D:5      | Entered Level 5 of the Dungeon
  3693 | D:5      | 3693 ||| PLANNING SEWER
  3721 | D:5      | Found a staircase to the Ecumenical Temple.
  3797 | D:5      | Reached skill level 3 in Fighting
  3797 | D:5      | 3797 ||| Stepping ~*~*~tactically~*~*~ (stealth).
  4235 | D:5      | Noticed Blork the orc
  4240 | D:5      | Killed Blork the orc
  4299 | D:5      | 4299 ||| FLEEEEING.
  4350 | D:5      | 4350 ||| RIP SEWER
  4378 | D:5      | 4378 ||| PLANNING D:1-11
  4430 | D:5      | Reached skill level 9 in Unarmed Combat
  4529 | D:5      | 4529 ||| UPGRADING to +1 robe of willpower.
  4621 | D:6      | Reached skill level 1 in Dodging
  4674 | D:6      | Reached XP level 8. HP: 74/75 MP: 8/8
  4959 | D:6      | Found a runed translucent door.
  4960 | D:6      | Noticed Crazy Yiuf
  5030 | D:6      | Reached skill level 1 in Throwing
  5219 | D:6      | 5219 ||| READING scroll of teleportation.
  5309 | D:7      | 5309 ||| INVOKING Fiery Armour.
  5310 | D:7      | 5310 ||| STAIRDANCE
  5367 | D:7      | 5367 ||| STAIRDANCE
  5369 | D:6      | 5369 ||| Stepping ~*~*~tactically~*~*~ (outnumbered).
  5372 | D:6      | Reached skill level 10 in Unarmed Combat
  5438 | D:7      | 5438 ||| STAIRDANCE
  5440 | D:6      | 5440 ||| Stepping ~*~*~tactically~*~*~ (outnumbered).
  5510 | D:7      | 5510 ||| STAIRDANCE
  5512 | D:6      | 5512 ||| Stepping ~*~*~tactically~*~*~ (outnumbered).
  5513 | D:6      | 5513 ||| Stepping ~*~*~tactically~*~*~ (outnumbered).
  5514 | D:6      | 5514 ||| Stepping ~*~*~tactically~*~*~ (outnumbered).
  5515 | D:6      | 5515 ||| Stepping ~*~*~tactically~*~*~ (outnumbered).
  5516 | D:6      | 5516 ||| Stepping ~*~*~tactically~*~*~ (outnumbered).
  5517 | D:6      | 5517 ||| Stepping ~*~*~tactically~*~*~ (outnumbered).
  5518 | D:6      | 5518 ||| Stepping ~*~*~tactically~*~*~ (outnumbered).
  5519 | D:6      | 5519 ||| Stepping ~*~*~tactically~*~*~ (outnumbered).
  5592 | D:7      | 5592 ||| Stepping ~*~*~tactically~*~*~ (stealth).
  5593 | D:7      | 5593 ||| Stepping ~*~*~tactically~*~*~ (stealth).
  5597 | D:7      | 5597 ||| Stepping ~*~*~tactically~*~*~ (stealth).
  5605 | D:7      | 5605 ||| Stepping ~*~*~tactically~*~*~ (outnumbered).
  5645 | D:7      | Found a sparkling altar of Nemelex Xobeh.
  5740 | D:7      | 5740 ||| Stepping ~*~*~tactically~*~*~ (stealth).
  5761 | D:7      | 5761 ||| Stepping ~*~*~tactically~*~*~ (stealth).
  5765 | D:7      | 5765 ||| Stepping ~*~*~tactically~*~*~ (hiding).
  5769 | D:7      | 5769 ||| Stepping ~*~*~tactically~*~*~ (outnumbered).
  5814 | D:7      | 5814 ||| Stepping ~*~*~tactically~*~*~ (stealth).
  5816 | D:7      | 5816 ||| Stepping ~*~*~tactically~*~*~ (stealth).
  5836 | D:7      | 5836 ||| Stepping ~*~*~tactically~*~*~ (stealth).
  5924 | D:7      | Identified the +0 chain mail of Mumblety Peg {Will- Str+4
                  | Int+6}
  6108 | D:7      | 6108 ||| FLEEEEING.
  6111 | D:7      | 6111 ||| FLEEEEING.
  6112 | D:7      | 6112 ||| FLEEEEING.
  6113 | D:7      | 6113 ||| FLEEEEING.
  6115 | D:7      | 6115 ||| FLEEEEING.
  6116 | D:7      | 6116 ||| FLEEEEING.
  6117 | D:7      | 6117 ||| FLEEEEING.
  6118 | D:7      | 6118 ||| FLEEEEING.
  6119 | D:7      | 6119 ||| FLEEEEING.
  6120 | D:7      | 6120 ||| FLEEEEING.
  6121 | D:7      | 6121 ||| FLEEEEING.
  6122 | D:7      | 6122 ||| FLEEEEING.
  6124 | D:7      | 6124 ||| STAIRDANCE
  6257 | D:6      | 6257 ||| READING scroll labelled SAIB LOHEFAVE.
  6258 | D:6      | 6258 ||| READING scroll labelled ICONIJ FUETT.
  6259 | D:6      | 6259 ||| READING 4 scrolls of identify.
  6259 | D:6      | 6259 ||| IDENTIFYING purple potion
  6260 | D:6      | 6260 ||| DROPPING potion of flight.
  6261 | D:6      | 6261 ||| Stepping randomly (stuck).
  6264 | D:6      | Killed Crazy Yiuf
  6274 | D:6      | 6274 ||| UPGRADING to +0 cloak.
  6334 | D:7      | Reached skill level 11 in Unarmed Combat
  6372 | D:7      | Found a snail-covered altar of Cheibriados.
  6417 | D:8      | 6417 ||| STAIRDANCE
  6423 | D:8      | 6423 ||| STAIRDANCE
  6427 | D:8      | 6427 ||| STAIRDANCE
  6429 | D:7      | 6429 ||| Stepping ~*~*~tactically~*~*~ (outnumbered).
  6430 | D:7      | 6430 ||| Stepping ~*~*~tactically~*~*~ (outnumbered).
  6431 | D:7      | 6431 ||| Stepping ~*~*~tactically~*~*~ (outnumbered).
  6432 | D:7      | 6432 ||| Stepping ~*~*~tactically~*~*~ (outnumbered).
  6435 | D:7      | 6435 ||| Stepping ~*~*~tactically~*~*~ (outnumbered).
  6438 | D:7      | Reached XP level 9. HP: 78/84 MP: 9/9
  6455 | D:8      | 6455 ||| STAIRDANCE
  6576 | D:8      | 6576 ||| Stepping ~*~*~tactically~*~*~ (stealth).
  6680 | D:8      | Noticed Maggie
  6693 | D:8      | 6693 ||| INVOKING Fiery Armour.
  6694 | D:8      | Killed Maggie
  6745 | D:8      | Found a staircase to the Lair.
  6903 | D:8      | Reached skill level 12 in Unarmed Combat
  6985 | D:8      | 6985 ||| Stepping ~*~*~tactically~*~*~ (hiding).
  6988 | D:8      | 6988 ||| Stepping ~*~*~tactically~*~*~ (hiding).
  7001 | D:8      | 7001 ||| Stepping ~*~*~tactically~*~*~ (stealth).
  7010 | D:8      | 7010 ||| Stepping ~*~*~tactically~*~*~ (stealth).
  7011 | D:8      | 7011 ||| Stepping ~*~*~tactically~*~*~ (stealth).
  7038 | D:8      | 7038 ||| INVOKING Fiery Armour.
  7197 | D:8      | 7197 ||| PLANNING LAIR
  7197 | D:8      | 7197 ||| UPGRADING to +0 acid dragon scales.
  7207 | D:8      | 7207 ||| DROPPING +1 robe of willpower.
  7208 | D:8      | 7208 ||| UPGRADING to ring of poison resistance.
  7210 | D:8      | 7210 ||| UPGRADING to +6 ring of strength.
  7260 | Lair:1   | Entered Level 1 of the Lair of Beasts
  7267 | Lair:1   | Reached skill level 1 in Armour
  7273 | Lair:1   | 7273 ||| INVOKING Fiery Armour.
  7279 | Lair:1   | HP: 21/88 [yak (9)]
  7280 | Lair:1   | 7280 ||| DRINKING 2 potions of heal wounds.
  7285 | Lair:1   | Reached XP level 10. HP: 35/96 MP: 10/10
  7298 | Lair:1   | Reached skill level 13 in Unarmed Combat
  7441 | Lair:1   | Noticed a catoblepas
  7442 | Lair:1   | 7442 ||| Stepping ~*~*~tactically~*~*~ (hiding).
  7443 | Lair:1   | 7443 ||| INVOKING Fiery Armour.
  7446 | Lair:1   | Killed a catoblepas
  7645 | Lair:1   | 7645 ||| Stepping ~*~*~tactically~*~*~ (stealth).
  7661 | Lair:1   | Reached skill level 14 in Unarmed Combat
  7750 | Lair:1   | 7750 ||| Stepping ~*~*~tactically~*~*~ (stealth).
  7757 | Lair:1   | Reached skill level 6 in Fighting
  7826 | Lair:1   | Noticed a cane toad
  7832 | Lair:1   | Killed a cane toad
  8283 | Lair:2   | Noticed a death yak
  8283 | Lair:2   | Noticed a death yak
  8283 | Lair:2   | Noticed a death yak
  8283 | Lair:2   | Noticed a death yak
  8284 | Lair:2   | 8284 ||| INVOKING Fiery Armour.
  8285 | Lair:2   | 8285 ||| STAIRDANCE
  8285 | Lair:2   | Noticed a death yak
  8293 | Lair:1   | Killed a death yak
  8294 | Lair:1   | Reached skill level 15 in Unarmed Combat
  8329 | Lair:2   | 8329 ||| STAIRDANCE
  8331 | Lair:1   | 8331 ||| Stepping ~*~*~tactically~*~*~ (outnumbered).
  8332 | Lair:1   | 8332 ||| Stepping ~*~*~tactically~*~*~ (outnumbered).
  8334 | Lair:1   | 8334 ||| Stepping ~*~*~tactically~*~*~ (outnumbered).
  8335 | Lair:1   | 8335 ||| Stepping ~*~*~tactically~*~*~ (outnumbered).
  8336 | Lair:1   | 8336 ||| Stepping ~*~*~tactically~*~*~ (outnumbered).
  8337 | Lair:1   | 8337 ||| Stepping ~*~*~tactically~*~*~ (outnumbered).
  8345 | Lair:1   | HP: 23/98 [death yak (22)]
  8345 | Lair:1   | HP: 11/98 [komodo dragon (12)]
  8346 | Lair:1   | 8346 ||| READING scroll of teleportation.
  8346 | Lair:1   | HP: 5/98 [komodo dragon (2)]
  8347 | Lair:1   | 8347 ||| DRINKING potion of heal wounds.
  8350 | Lair:1   | Killed a death yak
  8351 | Lair:1   | Reached XP level 11. HP: 29/105 MP: 11/11
  8417 | Lair:1   | 8417 ||| Stepping ~*~*~tactically~*~*~ (stealth).
  8426 | Lair:1   | 8426 ||| INVOKING Fiery Armour.
  8433 | Lair:1   | Killed a death yak
  8434 | Lair:1   | Reached skill level 3 in Armour
  8444 | Lair:2   | 8444 ||| Stepping ~*~*~tactically~*~*~ (outnumbered).
  8445 | Lair:2   | 8445 ||| Stepping ~*~*~tactically~*~*~ (outnumbered).
  8446 | Lair:2   | 8446 ||| Stepping ~*~*~tactically~*~*~ (outnumbered).
  8447 | Lair:2   | 8447 ||| Stepping ~*~*~tactically~*~*~ (outnumbered).
  8448 | Lair:2   | 8448 ||| Stepping ~*~*~tactically~*~*~ (outnumbered).
  8449 | Lair:2   | 8449 ||| Stepping ~*~*~tactically~*~*~ (outnumbered).
  8450 | Lair:2   | 8450 ||| Stepping ~*~*~tactically~*~*~ (outnumbered).
  8451 | Lair:2   | 8451 ||| Stepping ~*~*~tactically~*~*~ (outnumbered).
  8459 | Lair:2   | 8459 ||| Stepping ~*~*~tactically~*~*~ (outnumbered).
  8460 | Lair:2   | 8460 ||| Stepping ~*~*~tactically~*~*~ (outnumbered).
  8461 | Lair:2   | 8461 ||| Stepping ~*~*~tactically~*~*~ (outnumbered).
  8462 | Lair:2   | 8462 ||| Stepping ~*~*~tactically~*~*~ (outnumbered).
  8463 | Lair:2   | 8463 ||| Stepping ~*~*~tactically~*~*~ (stealth).
  8468 | Lair:2   | 8468 ||| Stepping ~*~*~tactically~*~*~ (outnumbered).
  8469 | Lair:2   | 8469 ||| Stepping ~*~*~tactically~*~*~ (outnumbered).
  8470 | Lair:2   | 8470 ||| Stepping ~*~*~tactically~*~*~ (outnumbered).
  8471 | Lair:2   | 8471 ||| Stepping ~*~*~tactically~*~*~ (outnumbered).
  8472 | Lair:2   | 8472 ||| Stepping ~*~*~tactically~*~*~ (outnumbered).
  8473 | Lair:2   | 8473 ||| Stepping ~*~*~tactically~*~*~ (outnumbered).
  8474 | Lair:2   | 8474 ||| Stepping ~*~*~tactically~*~*~ (outnumbered).
  8475 | Lair:2   | 8475 ||| Stepping ~*~*~tactically~*~*~ (outnumbered).
  8476 | Lair:2   | 8476 ||| Stepping ~*~*~tactically~*~*~ (outnumbered).
  8477 | Lair:2   | 8477 ||| Stepping ~*~*~tactically~*~*~ (outnumbered).
  8479 | Lair:2   | 8479 ||| Stepping ~*~*~tactically~*~*~ (outnumbered).
  8480 | Lair:2   | 8480 ||| Stepping ~*~*~tactically~*~*~ (outnumbered).
  8481 | Lair:2   | 8481 ||| Stepping ~*~*~tactically~*~*~ (outnumbered).
  8482 | Lair:2   | Killed a death yak
  8488 | Lair:2   | Killed a death yak
  8593 | Lair:2   | 8593 ||| Stepping ~*~*~tactically~*~*~ (outnumbered).
  8607 | Lair:2   | 8607 ||| Stepping ~*~*~tactically~*~*~ (outnumbered).
  8608 | Lair:2   | 8608 ||| INVOKING Fiery Armour.
  8608 | Lair:2   | HP: 24/105 [naga/+1 glaive of flaming (10)]
  8612 | Lair:2   | HP: 11/105 [naga/+1 glaive of flaming (4)]
  8613 | Lair:2   | Slain by a naga

Levels and vault maps discovered:
D:1:      lightli_arrival_isolated_outpost, layout_rooms, serial_rivers,
          chequers_serial_rivers_small_3, chequers_serial_rivers_large_b,
          chequers_serial_rivers_micro_b, chequers_serial_rivers_large_a,
          shapermc_ecumenical_altar_acropolis, minmay_octomino_c4
D:2:      layout_basic, minmay_misc_feat_five, roderic_lattice_a,
          chequers_hall_statues_corner_a, nicolae_kite_square_tiling_tiny,
          small_statue_intersection, minmay_misc_feat_cross, uniq_sigmund
D:3:      minmay_recursive_quarters, layout_loops_corners,
          mainiacjoe_overflow_surrounded_room, nicolae_qazlal_general_emergency,
          uniq_terence
D:4:      layout_loops_corners, mainiacjoe_overflow_concentric_impassable
D:5:      layout_loops_ring, minmay_temple_entry_wispy, gup_sewer_entry_spiral,
          serial_rivers, chequers_serial_rivers_marsh,
          chequers_serial_rivers_marsh, chequers_serial_rivers_small_b,
          chequers_serial_rivers_micro_b, chequers_serial_rivers_small_a,
          uniq_blork_the_orc
D:6:      layout_rooms, minivault_27, kennysheep_nondescript,
          kennysheep_flooded_box, bh_walls_and_bars, uniq_crazy_yiuf_cottage
D:7:      layout_rooms, marbit_many_paths, nemelex_spade_bored_becter,
          minmay_misc_feat_ornament, chequers_serial_rivers_small_a,
          hangedman_decor_clover_reticule
D:8:      layout_loops_cross, lair_entry_dummy, uniq_maggie
Lair:1:   layout_roguey
Lair:2:   layout_regular_city, minmay_snake_entry_guardpost_medium,
          serial_bayou_pond_a, beast_lair_carwin_6, lemuel_fruit_fields

Skill      XL: |  1  2  3  4  5  6  7  8  9 10 11 |
---------------+----------------------------------+-----
Unarmed Combat | 4 6 7 8 9 11 12 15 | 15.7
Fighting       | 3 4 5 6 |  6.0
Dodging        | 1 |  1.1
Throwing       | 1 2 |  2.8
Armour         | 2 3 |  3.4
Spellcasting   | |  1.0
Fire Magic     | |  2.1

Action                   |  1- 3 |  4- 6 |  7- 9 | 10-12 || total
-------------------------+-------+-------+-------+-------++-------
Melee: Unarmed           |   103 |   123 |   215 |   124 ||   565
       Punch             |       |     1 |    14 |     7 ||    22
Throw: Boomerang         |       |       |    32 |    20 ||    52
Invok: Fiery Armour      |     1 |     1 |     4 |     4 ||    10
  Use: Scroll            |     3 |     4 |     9 |     1 ||    17
       Potion            |       |     1 |     2 |     1 ||     4
Armor: Robe              |    31 |    29 |    47 |       ||   107
       Acid dragon scale |       |       |    10 |    39 ||    49
Dodge: Dodged            |    37 |    32 |    67 |    59 ||   195

Table legend:
 A = Non-vault XP
 B = Vault XP
 C = Vault XP percentage of total XP
 D = Non-vault monster count
 E = Vault monster count
 F = Vault count percentage of total count
                 A         B        C        D         E       F
            +---------+---------+-------+---------+---------+-------
      Total |   13012 |    2143 |  14.1 |     180 |      37 |  17.1
            +---------+---------+-------+---------+---------+-------
        D:1 |      41 |       9 |  18.0 |      24 |       6 |  20.0
        D:2 |      43 |     223 |  83.8 |      24 |       1 |   4.0
        D:3 |      89 |     205 |  69.7 |      24 |      10 |  29.4
        D:4 |     151 |       0 |   0.0 |      10 |       0 |   0.0
        D:5 |     327 |     134 |  29.1 |       9 |       9 |  50.0
        D:6 |     677 |      40 |   5.6 |      16 |       1 |   5.9
        D:7 |     930 |       3 |   0.3 |      26 |       1 |   3.7
        D:8 |    1017 |     398 |  28.1 |      15 |       1 |   6.2
     Lair:1 |    8127 |       0 |   0.0 |      30 |       0 |   0.0
     Lair:2 |    1610 |    1131 |  41.3 |       2 |       8 |  80.0
            +---------+---------+-------+---------+---------+-------
